 Dungeon Crawl Stone Soup version 0.19-a0-1678-g8ce114c (webtiles) character file.

1110 Promi the Magician (level 7, -7/57 HPs)
             Began as a Demigod Wizard on Sept 24, 2016.
             Killed by divine providence
             ... invoked by an orc priest
              (13 damage)
             ... on level 6 of the Dungeon.
             The game lasted 00:27:55 (7177 turns).

Promi the Magician (Demigod Wizard)                 Turns: 7177, Time: 00:27:55

Health: -7/57      AC:  4    Str:  8 (10) XL:     7   Next: 86%
Magic:  10/17      EV: 14    Int: 24 (26) God:
Gold:   400        SH:  0    Dex: 16 (17) Spells: 4 memorised, 7 levels left

rFire  . . .     SeeInvis .     e - +2 mace (crush)
rCold  . . .     Gourm    .     g - +0 leather armour
rNeg   . . .     Faith    .     (no shield)
rPois  +         Spirit   .     h - +0 helmet
rElec  .         Dismiss  .     (no cloak)
rCorr  .         Reflect  .     (no gloves)
MR     .....     Harm     .     (no boots)
Stlth  ++........               (no amulet)
                                m - ring of poison resistance
                                r - +3 ring of dexterity

@: very slightly contaminated, repel missiles
A: high mp 1, sturdy frame 1
a: no special abilities


You were on level 6 of the Dungeon.
You were not hungry.

You visited 1 branch of the dungeon, and saw 6 of its levels.
You also visited: Sewer.

You collected 400 gold pieces.

Inventory:

Hand Weapons
 e - a +2 mace of crushing (weapon)
 j - a +0 falchion
 n - a +2 short sword of freezing
 B - a +0 long sword
Armour
 a - a +0 robe
 b - a +0 hat
 f - a +1 ring mail of fire resistance
 g - a +0 leather armour (worn)
 h - a +0 helmet (worn)
 k - a +0 ring mail
Jewellery
 m - a ring of poison resistance (right hand)
 r - a +3 ring of dexterity (left hand)
Scrolls
 q - a scroll of amnesia
 w - a scroll of remove curse
Books
 c - a book of Minor Magic

   Spells                             Type                      Level
   a - Magic Dart                     Conjuration                  1
   b - Blink                          Translocation                2
   c - Call Imp                       Summoning                    2
   d - Repel Missiles                 Charms/Air                   2
   e - Slow                           Hexes                        2
   f - Conjure Flame                  Conjuration/Fire             3
   g - Mephitic Cloud                 Conjuration/Poison/Air       3
Comestibles
 d - 7 bread rations
 i - 4 meat rations
 t - 4 fruits
 A - 2 chunks of flesh


   Skills:
 + Level 3.6 Fighting
 + Level 2.7 Maces & Flails
 + Level 4.0 Dodging
 - Level 2.7 Stealth
 + Level 4.6 Spellcasting
 + Level 4.0 Conjurations
   Level 0.8 Summonings
   Level 0.8 Translocations


You had 7 spell levels left.
You knew the following spells:

 Your Spells              Type           Power        Failure   Level  Hunger
a - Magic Dart            Conj           ###.         1%          1    None
b - Repel Missiles        Chrm/Air       #.....       17%         2    None
c - Slow                  Hex            #.......     17%         2    None
d - Mephitic Cloud        Conj/Pois/Air  ##......     17%         3    ##.....


Dungeon Overview and Level Annotations

Branches:
Dungeon (6/15)
 Temple: D:4-7


Innate Abilities, Weirdness & Mutations

You have an increased reservoir of magic. (+10% MP)
Your movements are slightly less encumbered by armour. (ER -2)


Message History

Beogh smites you!
* * * LOW HITPOINT WARNING * * *
A centaur comes into view.
The centaur shouts!
Casting: Slow
Confirm with . or Enter, or press ? or * to list all spells.
You're already repelling missiles.
Unknown command.
Casting: Repel Missiles
Confirm with . or Enter, or press ? or * to list all spells.
Okay, then.
Okay, then.
Okay, then.
You feel better.
The orc priest invokes the aid of Beogh against you.
Beogh smites you!
* * * LOW HITPOINT WARNING * * *
The orc priest invokes the aid of Beogh against you.
Beogh smites you!
You die...

#...>............ .. #.#
#.. .## #.# #.# ... #c#
#.# #.# #o# #.# #.# #.#
###.####.## #o#
#.[........ #..# #.#
#....###.## #..# ###@#
##.###.##.# #.[# #...#
#..# #..#.# #..# #.###
#..###..#.# #..# #.#
#.....#.#.# #..# #[#
#..####.#.## #..# #.#
#..####..#.#
#..####.#######.......###.
#........<......#####..#.#
#.###...#######.# #.....


You could see a centaur, an orc priest and an orc.

Vanquished Creatures
  A black bear (D:4)
  A sky beast (D:5)
  3 ogres
  A big kobold (D:4)
  Blork the orc (D:6)
  3 crimson imps
  2 hounds
  A centaur skeleton (D:4)
  5 worker ants
  A hound skeleton (D:5)
  3 adders
  A shadow imp (D:4)
  3 oozes
  2 adder skeletons (D:5)
  3 worms
  4 dart slugs
  5 leopard geckos (D:3)
  10 orcs
  8 bats
  5 giant cockroaches
  6 goblins
  7 hobgoblins
  25 jackals
  25 kobolds
  5 quokkas
  2 ball pythons
  10 frilled lizards
  A jackal skeleton (D:5)
  A leopard gecko skeleton (D:5)
  7 rats
152 creatures vanquished.

Vanquished Creatures (others)
  A plant (D:4)
1 creature vanquished.

Grand Total: 153 creatures vanquished

Notes
Turn   | Place    | Note
-------+----------+-------------------------------------------
     0 | D:1      | Promi the Demigod Wizard began the quest for the Orb.
     0 | D:1      | Reached XP level 1. HP: 14/14 MP: 6/6
   246 | D:1      | Reached skill level 1 in Conjurations
   508 | D:1      | Reached XP level 2. HP: 12/20 MP: 8/8
   520 | D:1      | Learned a level 2 spell: Repel Missiles
   523 | D:1      | Learned a level 2 spell: Slow
  1377 | D:2      | Reached XP level 3. HP: 12/27 MP: 6/10
  1456 | D:2      | Learned a level 3 spell: Mephitic Cloud
  2173 | D:2      | Found a bloodstained altar of Trog.
  2622 | D:3      | Found a glowing drain.
  2630 | Sewer    | Entered a sewer
  2853 | D:3      | Reached XP level 4. HP: 34/34 MP: 12/12
  2881 | D:3      | Reached skill level 1 in Fighting
  3965 | D:3      | Found a snail-covered altar of Cheibriados.
  4074 | D:4      | Noticed an ogre
  4088 | D:3      | Reached XP level 5. HP: 15/40 MP: 13/13
  4352 | D:4      | Noticed a black bear
  4441 | D:4      | Noticed an ogre
  4489 | D:3      | Killed an ogre
  4815 | D:4      | Reached XP level 6. HP: 36/48 MP: 10/15
  4981 | D:4      | Reached skill level 1 in Maces & Flails
  5819 | D:4      | Reached XP level 7. HP: 57/57 MP: 4/16
  6057 | D:5      | Entered Level 5 of the Dungeon
  7073 | D:6      | Noticed Blork the orc
  7083 | D:6      | Killed Blork the orc
  7100 | D:5      | Gained mutation: Your movements are slightly less encumbered by armour. (ER -2) [potion of beneficial mutation]
  7177 | D:6      | Killed from afar by an orc priest

Vault maps used:
D:1:      evilmike_arrival_crescent
D:2:      minmay_wonky_spiral, trog_three_pillars_becter
D:3:      portal_sewer_entry_f, hex_tiny, kennysheep_slug_shrine
D:4:      kennysheep_kobold_camp, first_bread, minmay_misc_feat_room,
          minmay_unequal
D:6:      uniq_blork_the_orc
Sewer:    sewer_fruit_machine

Skill      XL: |  1  2  3  4  5  6  7 |
---------------+----------------------+-----
Conjurations   | 1 2 3 4 |  4.0
Spellcasting   | 3 4 |  4.6
Stealth        | 2 |  2.7
Dodging        | 2 3 4 |  4.0
Fighting       | 1 2 3 |  3.6
Maces & Flails | 1 2 |  2.7
Summonings     | |  0.8
Translocations | |  0.8

Action                   |  1- 3 |  4- 6 |  7- 9 || total
-------------------------+-------+-------+-------++-------
Melee: Mace              |   129 |   160 |    60 ||   349
 Cast: Magic Dart        |    46 |   118 |    69 ||   233
       Mephitic Cloud    |     3 |     3 |     1 ||     7
       Slow              |       |     7 |     2 ||     9
       Repel Missiles    |       |       |     1 ||     1
  Use: Potion            |     4 |     1 |     6 ||    11
       Scroll            |     3 |     3 |     4 ||    10
 Stab: Sleeping          |     2 |     1 |     1 ||     4
       Confused          |       |     2 |     1 ||     3
  Eat: Chunk             |     6 |    10 |     4 ||    20
       Fruit             |       |       |     1 ||     1
Armor: Robe              |    44 |    39 |     4 ||    87
Dodge: Dodged            |   116 |   143 |    40 ||   299
